cohdb
Replays
Latest Replays
All Replays
Popular Replays
Top Player Replays
Match Explorer
How It Works
Community
CoH3 Stats
Reddit
Sign in to upload your games and track your stats! →
Sign in with Steam
Match 43423487
Unlisted
Match 43423487
Overview
Messages
Build Orders
End
Construct Barracks
Scout Squad
Selects Heavy Weapons
Riflemen Squad
Riflemen Squad
Riflemen Squad
Construct Medical Station
Mechanized Support Center
Construct Motor Pool
Selects Assault Carriers
M8 Greyhound Armored Car
M1 Anti-tank Gun Team
Improvised Armor
Designate Forward Repair Station
M1 Mortar Team
Selects Exchangeable Parts
M3 75 mm Gun Motor Carriage
Rapid Repairs
M8 Greyhound Armored Car
M24 Chaffee Light Tank
Selects Towed M5 3-inch Anti-tank Gun
M24 Chaffee Light Tank
Max1boy
Templariusz
0
0
Comments
sign in to comment!
No comments posted yet!